FIQ, chaotic female elven Wizard ---- |..| --..| |...-- ---- --).<| |..-- |...| --...| ---.--|.^..| |...|....| ---.|-...- |.|..... |.|......- |.......@. ----- |^......WG |...|--..%...*..h |...--...|...... ---.......---..... |........-- --.... |....^...-- |.... ---.|.....| --... ----.|.-- ----- FIQ the Thaumaturge Experience level: 7 Strength: 10 Dexterity: 11 Constitution: 14 Intelligence: 15 Wisdom: 20 Charisma: 8 Health: 0(45) Energy: 124(124) Def: 2 Gold: 69 Moves: 2255 Dungeon seed: cL5p_uuOI1R8UELE Game ID: FIQ_1467320430 Your Inventory: Coins $ - 69 gold pieces Weapons a - a blessed +1 quarterstaff m - an uncursed +0 orcish dagger w - 3 blessed +1 daggers (wielded) Armor e - an uncursed +0 cloak of magic resistance (being worn) z - a blessed +0 pair of elven boots (being worn) Comestibles t - an uncursed candy bar D - 2 uncursed slime molds L - an uncursed tin of ape meat Scrolls n - an uncursed scroll of identify q - an uncursed scroll of water C - an uncursed scroll of genocide H - a blessed scroll of blank paper I - an uncursed scroll of fire Potions K - an uncursed potion of water M - an uncursed potion of acid Wands d - an uncursed wand of nothing (0:6) i - an uncursed wand of secret door detection (0:10) j - an uncursed wand of sleep (0:3) l - an uncursed wand of magic missile (0:6) Tools f - an uncursed leather drum k - an uncursed skeleton key s - an uncursed magic marker (0:80) B - an uncursed magic marker (0:81) F - an uncursed lock pick Spells and supernatural/magical abilities: Name Level Category Fail Memory a - force bolt 1 attack 0% 89% m - magic missile 2 attack 0% 96% n - detect monsters 1 divination 0% 91% s - slow monster 2 enchantment 0% 89% W - pray for help -- divine ? -- Your skills at the end: Miscellaneous Skills wands [Basic] Weapon Skills dagger [Basic] quarterstaff [Basic] Spellcasting Skills attack spells [Skilled] divination spells [Basic] enchantment spells [Basic] Final Attributes: You were piously aligned. You were sleep resistant. You were magic-protected. You had infravision. You were stealthy. You are dead. Vanquished creatures: a gnome king a soldier ant 4 fire ants 3 Uruk-hai a shrieker a violet fungus 7 gnome lords 3 gnomish wizards a paper golem a giant ant a floating eye 6 dwarves 2 dwarf zombies a killer bee 2 coyotes 2 hobbits 19 gnomes a jackal a fox 4 newts 2 goblins a sewer rat 5 grid bugs 2 bats 2 lichens a kobold zombie 75 creatures vanquished. Voluntary challenges: You did not adorn yourself with jewelry or accessories. You used a wielded weapon 80 times, starting on turn 144. You did not apply a unicorn horn. You read items or engraved 16 times, starting on turn 110. You never genocided any monsters. You never polymorphed an object. You never changed form. You used no wishes. You never split a pudding. You wrote Elbereth's name 1 time, starting on turn 1222. You never violated your personal moral code. Dungeon overview: The Dungeons of Doom: levels 1 to 2 Level 1 a fountain, a sink a long staircase Level 2 stairs to The Gnomish Mines The Gnomish Mines: levels 3 to 7 Level 3 stairs to The Dungeons of Doom Level 4 Level 5 some shops, a temple to Ptah, a magic chest, some fountains Level 6 Level 7 <- You were here History has recorded: On T:1 you entered the Dungeons of Doom to retrieve the Amulet of Yendor! On T:455 you reached level 2 of The Dungeons of Doom. On T:539 you advanced to experience level 2. On T:719 you reached level 1 of The Gnomish Mines. On T:729 you advanced to experience level 3. On T:751 you advanced to experience level 4. On T:1015 you reached level 2 of The Gnomish Mines. On T:1020 you advanced to experience level 5. On T:1196 you reached level 3 of The Gnomish Mines. On T:1357 you opened a magic chest. On T:1364 you opened a magic chest. On T:1365 you opened a magic chest. On T:1365 you opened a magic chest. On T:1365 you opened a magic chest. On T:1380 you advanced to experience level 6. On T:1505 you entered the Minetown temple On T:1740 you reached level 4 of The Gnomish Mines. On T:1865 you reached level 5 of The Gnomish Mines. On T:2095 you advanced to experience level 7. Score breakdown: Gold: 69 ( 6 points) Experience: 7 levels ( 600 points) Exploration: 7 levels ( 180 points) Discoveries: 15 items ( 750 points) Variety of kills: 26 monsters ( 1300 points) Major goal: reached Minetown ( 500 points) Survival: died (score multiplied by 3) Total score: 10008 Latest messages: The gnomish wizard points at you, then curses. The barrow wight swings her long sword. The barrow wight slashes you! The barrow wight points at you, then curses. The barrow wight claws you! The barrow wight swings her long sword. The barrow wight slashes you! The barrow wight points at you, then curses. The barrow wight claws you! The gnomish wizard points at you, then curses. The barrow wight swings her long sword. The barrow wight slashes you! The barrow wight casts a spell at you! You get a slight headache. The barrow wight claws you! The gnomish wizard points at you, then curses. The barrow wight swings her long sword. The barrow wight slashes you! The barrow wight points at you, then curses. The barrow wight claws you! The gnomish wizard points at you, then curses. The barrow wight swings her long sword. The barrow wight slashes you! The barrow wight points at you, then curses. The barrow wight claws you! You die... Your body rises from the dead as a wraith... Final status: Goodbye FIQ the Wizard, killed by a barrow wight, while frozen by a potion... You died in The Gnomish Mines on dungeon level 7 with 10008 points, and 69 pieces of gold, after 2255 moves. You were level 7 with a maximum of 45 hit points when you died.